 Dungeon Crawl Stone Soup version 0.16.1-18-g436b03c (webtiles) character file.

571 noize the Sneak (level 7, -9/35 HPs)
             Began as a Vine Stalker Enchanter on May 4, 2015.
             Mangled by Prince Ribbit (14 damage)
             ... on level 4 of the Dungeon.
             The game lasted 00:09:46 (3122 turns).

noize the Sneak (Vine Stalker Enchanter)            Turns: 3122, Time: 00:09:46

Health: -9/35      AC:  6    Str: 10    XL:     7   Next: 34%
Magic:  0/14       EV: 13    Int: 16    God:
Gold:   83         SH:  0    Dex: 16    Spells: 3 memorised, 4 levels left

rFire  . . .     SeeInvis .     a - +1 dagger
rCold  . . .     Clarity  .     b - +1 robe
rNeg   . . .     SustAb   .     (no shield)
rPois  .         Gourm    .     y - +0 helmet
rElec  .         Spirit   +     (no cloak)
rCorr  .         Warding  .     p - +0 pair of gloves
rMut   .         Stasis   .     s - +0 pair of boots {run}
MR     .....                    (no amulet)
Stlth  ++++......               (no ring)
                                (no ring)

@: quick, not resistant to hostile enchantments, stealthy
A: fangs 2, regeneration 2, magic shield, antimagic bite, no device heal 3, rot
immunity
a: no special abilities


You were on level 4 of the Dungeon.
You were hungry.

You visited 1 branch of the dungeon, and saw 4 of its levels.

You collected 109 gold pieces.
You spent 26 gold pieces at shops.

Inventory:

Hand weapons
 a - a +1 dagger (weapon)
Armour
 b - a +1 robe (worn)
 p - a +0 pair of gloves (worn)
 s - a +0 pair of boots of running (worn)
 y - a +0 helmet (worn)
Jewellery
 A - a cursed ring of teleportation {unknown}
Magical devices
 B - a wand of confusion (22)
Scrolls
 e - 2 scrolls of enchant armour {unknown}
 g - 3 scrolls of remove curse {unknown}
 i - a scroll of blinking {unknown}
 k - 2 scrolls of teleportation {unknown}
 l - a scroll of recharging {unknown}
 n - 4 scrolls of random uselessness {unknown}
 o - 4 scrolls of amnesia {unknown}
 q - 3 scrolls of identify
 r - a scroll of enchant weapon {unknown}
Potions
 f - a potion of cancellation {unknown}
 h - a potion of agility {unknown}
 v - a potion of curing {unknown}
 x - a potion of beneficial mutation {unknown}
Books
 c - a book of Maledictions

   Spells                             Type                      Level
   a - Corona                         Hexes                        1
   b - Sure Blade                     Hexes/Charms                 2
   c - Ensorcelled Hibernation        Hexes/Ice                    2
   d - Confuse                        Hexes                        3
   e - Dazzling Spray                 Conjuration/Hexes            3
   f - Enslavement                    Hexes                        4
 z - a book of Geomancy

   Spells                             Type                      Level
   a - Sandblast                      Earth                        1
   b - Stoneskin                      Transmutation/Earth          2
   c - Passwall                       Transmutation/Earth          3
   d - Stone Arrow                    Conjuration/Earth            3
   e - Petrify                        Transmutation/Earth          4
   f - Lee's Rapid Deconstruction     Earth                        5
Comestibles
 d - 3 bread rations
 j - a meat ration
 m - a slice of pizza
 t - 2 beef jerkies
 u - 4 fruits
 w - 2 chunks of flesh


   Skills:
 + Level 2.2 Fighting
 + Level 2.8 Short Blades
 + Level 2.7 Dodging
 * Level 7.0 Stealth
 - Level 2.4 Spellcasting
 + Level 4.2 Hexes


You had 4 spell levels left.
You knew the following spells:

 Your Spells              Type           Power        Failure   Level  Hunger
a - Corona                Hex            ###....      4%          1    #......
b - Ensorcelled Hibernat  Hex/Ice        #.....       14%         2    ###....
c - Confuse               Hex            ###.....     12%         3    ###....


Dungeon Overview and Level Annotations

Branches:
Dungeon (4/15)
 Temple: D:4-7

Altars:
Fedhas
Gozag

Shops:
D:4 ?

Annotations:
D:4 Eustachio, Prince Ribbit


Innate Abilities, Weirdness & Mutations

You have extremely sharp teeth.
You heal very quickly.
When hurt, damage is shared between your health and your magic reserves.
Your bite disrupts and absorbs the magic of your enemies.
Potions and wands cannot restore your health.
You are immune to rotting.


Message History

Prince Ribbit closely misses you.
Prince Ribbit blinks!
Casting: Ensorcelled Hibernation
Confirm with . or Enter, or press ? or * to list all spells.
Aiming: Ensorcelled Hibernation
Press: ? - help, Shift-Dir - straight line, f - Prince Ribbit
Aim: Prince Ribbit (chance 23%) Prince Ribbit resists with almost no effort.
Prince Ribbit barely misses you.
Your magical contamination has completely faded away.
Prince Ribbit barely misses you.
Prince Ribbit catches a small bird with his tongue.
Prince Ribbit hits you!
* * * LOW HITPOINT WARNING * * *
Prince Ribbit hits you.
* * * LOW HITPOINT WARNING * * *
Things that are here:
a chain mail; a flail of venom Prince Ribbit hits you!
You die...

#######.##.#...........
##.....#.......#........
##..............# .P.P..#
#................#P.PPP..
#................#P._PP..
#.................P. P..
#...............#..P
#......<..........#.
##......@......##....
##....F..∩...## ...>.
#########[..#.#.## #....
#.........###.#§## ...
#.......(.# #.#..##.#
#.........###.(.....#
#..............##..####
#.........####.###....#
#.........#
#.#............


You could see Prince Ribbit.

Vanquished Creatures
  Edmund (D:4)
  A phantom (D:3)
  The ghost of noize the Sneak, an average VSEn (D:3)
  A scorpion (D:3)
  2 worker ants (D:4)
  An orc wizard (D:4)
  2 river rats (D:4)
  9 adders
  A gnoll (D:1)
  A worm (D:2)
  A giant mite (D:1)
  2 giant geckos
  An ooze (D:1)
  2 orcs (D:4)
  10 goblins
  10 hobgoblins
  4 jackals
  3 ball pythons (D:2)
  9 bats
  5 giant cockroaches
  4 giant newts
  12 kobolds
  5 quokkas
  7 rats
95 creatures vanquished.

Notes
Turn   | Place    | Note
--------------------------------------------------------------
     0 | D:1      | noize, the Vine Stalker Enchanter, began the quest for the Orb.
     0 | D:1      | Reached XP level 1. HP: 9/9 MP: 3/3
   107 | D:1      | Reached skill level 1 in Short Blades
   190 | D:1      | Reached skill level 4 in Stealth
   204 | D:1      | Reached XP level 2. HP: 2/13 MP: 0/6
   217 | D:1      | Learned a level 2 spell: Ensorcelled Hibernation
   375 | D:1      | Reached XP level 3. HP: 8/16 MP: 5/7
   380 | D:1      | Learned a level 3 spell: Confuse
  1041 | D:2      | Reached XP level 4. HP: 13/21 MP: 3/9
  1163 | D:2      | Identified a +0 pair of boots of running (You found it on level 2 of the Dungeon)
  1240 | D:2      | Found an opulent altar of Gozag.
  1282 | D:2      | Reached skill level 1 in Fighting
  1542 | D:3      | Reached skill level 5 in Stealth
  1572 | D:3      | Reached XP level 5. HP: 19/25 MP: 0/11
  1701 | D:3      | Noticed noize's ghost (average VSEn)
  1732 | D:3      | Killed noize's ghost
  2296 | D:4      | Noticed Prince Ribbit
  2379 | D:4      | Gained mutation: You heal very quickly. [vine stalker growth]
  2379 | D:4      | Reached XP level 6. HP: 30/30 MP: 7/13
  2395 | D:4      | Noticed Eustachio
  2441 | D:4      | Reached skill level 6 in Stealth
  2575 | D:4      | Found a blossoming altar of Fedhas.
  2669 | D:4      | Found Wet Khuo's Magic Scroll Shop.
  2905 | D:3      | Reached XP level 7. HP: 23/35 MP: 14/14
  2943 | D:4      | Noticed Edmund
  2963 | D:4      | Killed Edmund
  2963 | D:4      | Reached skill level 7 in Stealth
  2974 | D:4      | Bought a scroll of identify for 26 gold pieces
  3122 | D:4      | Mangled by Prince Ribbit

Action                   |  1- 3 |  4- 6 |  7- 9 || total
-------------------------+-------+-------+-------++-------
Melee: Dagger            |   134 |   277 |    17 ||   428
 Cast: Ensorcelled Hiber |     1 |    24 |     8 ||    33
       Confuse           |       |    11 |       ||    11
 Stab: Sleeping          |     3 |    12 |     3 ||    18
       Confused          |       |     2 |       ||     2
  Eat: Chunk             |       |     8 |     2 ||    10
